 Dungeon Crawl Stone Soup version 0.22-a0-603-gfc1114d (webtiles) character file.

3960 wazuzu the Vexing (level 10, 0/76 HPs)
             Began as a Gnoll Arcane Marksman on July 7, 2018.
             Was a Follower of Dithmenos.
             Slain by a two-headed ogre
             ... wielding a +0 giant club
              (5 damage)
             ... on level 8 of the Dungeon.
             The game lasted 00:22:09 (7623 turns).

wazuzu the Vexing (Gnoll Arcane Marksman)           Turns: 7623, Time: 00:22:11

Health: 0/76       AC: 20    Str: 15    XL:     10   Next: 22%
Magic:  18/18      EV: 10    Int: 17    God:    Dithmenos [*.....]
Gold:   361        SH:  0    Dex: 15    Spells: 19/20 levels left

rFire    + . .     SeeInvis .   b - +2 mace (venom)
rCold    . . .     Gourm    .   (no shield)
rNeg     + . .     Faith    .   r - +4 chain mail {rN+}
rPois    +         Spirit   .   q - +0 helmet
rElec    .         Reflect  .   v - +0 cloak {rPois}
rCorr    .         Harm     .   l - +2 pair of gloves
MR       .....                  c - +0 pair of boots
Stlth    ..........             y - amulet of the acrobat
HPRegen  0.22/turn              B - ring of protection from fire
MPRegen  0.16/turn              j - ring of wizardry

@: wreathed by umbra
A: distributed training, fangs 1, strong nose
a: Renounce Religion


You were on level 8 of the Dungeon.
You worshipped Dithmenos.
Dithmenos was aware of your devotion.
You were not hungry.

You visited 2 branches of the dungeon, and saw 9 of its levels.

You collected 361 gold pieces.

Inventory:

Hand Weapons
 a - a +0 hunting sling
 b - a +2 mace of venom (weapon)
Missiles
 g - 40 sling bullets
 s - 58 stones (quivered)
Armour
 c - a +0 pair of boots (worn)
 l - a +2 pair of gloves (worn)
 m - a +2 shield
 q - a +0 helmet (worn)
 r - a +4 chain mail of positive energy (worn)
 v - a +0 cloak of poison resistance (worn)
 w - a +2 cloak
Jewellery
 j - a ring of wizardry (right hand)
 y - an amulet of the acrobat (around neck)
 B - a ring of protection from fire (left hand)
Wands
 p - a wand of polymorph (5)
 x - a wand of flame (33)
Scrolls
 f - 5 scrolls of remove curse
 k - 7 scrolls of enchant armour
 E - a scroll of blinking {unknown}
 F - 2 scrolls of identify
 G - a scroll of fear
Potions
 d - a potion of heal wounds {unknown}
 e - 3 potions of curing
 h - a potion of brilliance {unknown}
 i - 2 potions of magic
 o - a potion of cancellation {unknown}
 t - a potion of berserk rage {unknown}
 u - a potion of haste
 z - 2 potions of might
 A - 2 potions of flight
 D - 3 potions of ambrosia {unknown}
Comestibles
 n - 8 rations
 C - 2 chunks of flesh


   Skills:
 + Level 5.6 Fighting
 + Level 5.0 Short Blades
 + Level 5.0 Long Blades
 + Level 5.0 Axes
 + Level 5.0 Maces & Flails
 + Level 5.0 Polearms
 + Level 5.0 Staves
 + Level 6.8 Slings
 + Level 5.0 Bows
 + Level 5.0 Crossbows
 + Level 5.0 Throwing
 + Level 5.0 Armour
 + Level 6.8 Dodging
 + Level 5.0 Stealth
 + Level 5.0 Shields
 + Level 5.0 Unarmed Combat
 + Level 5.8 Spellcasting
 + Level 4.1 Conjurations
 + Level 6.9 Hexes
 + Level 4.1 Charms
 + Level 4.1 Summonings
 + Level 4.1 Necromancy
 + Level 4.1 Translocations
 + Level 4.1 Transmutations
 + Level 4.1 Fire Magic
 + Level 4.1 Ice Magic
 + Level 4.1 Air Magic
 + Level 4.1 Earth Magic
 + Level 4.1 Poison Magic
 + Level 5.4 Invocations
 + Level 5.0 Evocations


You had 19 spell levels left.
You knew the following spells:

 Your Spells              Type           Power        Failure   Level  Hunger
a - Corona                Hex            ####...      6%          1    None

Your spell library contained the following spells:

 Spells                   Type           Power        Failure   Level  Hunger
 Cause Fear               Hex            ####......   45%         4    ####...
 Slow                     Hex            ####....     9%          2    #......
 Throw Frost              Conj/Ice       ###...       26%         2    #......
 Freeze                   Ice            ###.         17%         1    None
 Summon Ice Beast         Ice/Summ       ###.....     83%         4    ####...
 Ozocubu's Armour         Chrm/Ice       ###.....     45%         3    ##.....
 Throw Icicle             Conj/Ice       ###.....     83%         4    ####...
 Portal Projectile        Hex/Tloc       ###...       28%         3    ##.....
 Leda's Liquefaction      Hex/Erth       ###.......   65%         4    ####...
 Inner Flame              Hex/Fire       ###.....     28%         3    ##.....


Dungeon Overview and Level Annotations

Branches:
Dungeon (8/15)             Temple (1/1) D:6
   Lair: D:8-11

Altars:
Ashenzari
Cheibriados
Dithmenos
Elyvilon
Fedhas
Gozag
Hepliaklqana
Kikubaaqudgha
Makhleb
Nemelex Xobeh
Okawaru
Qazlal
Ru
Sif Muna
Trog
Uskayaw
Vehumet
Wu Jian
Xom
Yredelemnul
Zin
The Shining One


Innate Abilities, Weirdness & Mutations

Your experience applies equally to all skills.
You have very sharp teeth.
Your uncanny sense of smell can sniff out nearby items.


Message History

The two-headed ogre hits you with a giant club! x2
You sock the two-headed ogre!
The two-headed ogre is poisoned.
The two-headed ogre is lightly wounded.
The two-headed ogre hits you but does no damage.
The two-headed ogre barely misses you.
You hit the two-headed ogre.
The two-headed ogre is moderately wounded.
The two-headed ogre hits you with a giant club!
The two-headed ogre hits you with a giant club.
You thump the two-headed ogre!
The two-headed ogre is heavily wounded.
The two-headed ogre hits you with a giant club!
The two-headed ogre barely misses you.
You barely miss the two-headed ogre.
You bite the two-headed ogre, but do no damage.
The two-headed ogre is heavily wounded.
The two-headed ogre hits you with a giant club!!
* * * LOW HITPOINT WARNING * * *
The two-headed ogre hits you with a giant club.
You die...

.(..#..( #.# .(....#
#.# #(.#(### #.# ####
#..((.# #.# ...(#
##((#.###.######. ##
#.###).(#!#..........
.# #(#.........o.......
)####())((.(.(.#O######
......#..((((###@#
.####...##...(...# .#
##..)<<......# ##
###########.# #.# #.#
#.# #.#


You could see a two-headed ogre and an orc.

Vanquished Creatures
  A two-headed ogre (D:8)
  The ghost of sking99 the Insei, a novice OpTm of Okawaru (D:4)
  A hippogriff (D:7)
  Edmund (D:6)
  A water moccasin (D:6)
  An orc warrior (D:6)
  A sky beast (D:4)
  4 ogres
  3 centaurs
  2 bullfrogs
  A scorpion (D:6)
  A wyvern skeleton (D:6)
  9 killer bees
  A howler monkey (D:5)
  4 crimson imps
  A quasit (D:6)
  A centaur skeleton (D:6)
  2 orc priests
  5 hounds
  Crazy Yiuf (D:2)
  Jessica (D:2)
  7 worker ants
  2 iguanas (D:7)
  7 orc wizards
  A killer bee zombie (D:6)
  2 hound skeletons
  Robin (D:2)
  8 gnolls
  10 adders
  A shadow imp (D:8)
  2 worms (D:2)
  An adder skeleton (D:6)
  4 dart slugs
  5 leopard geckos
  32 orcs
  3 ball pythons
  8 bats
  2 giant cockroaches
  15 goblins
  7 hobgoblins
  4 jackals (D:2)
  2 quokkas
  2 frilled lizards (D:2)
  4 kobolds (D:1)
  A leopard gecko zombie (D:5)
  A quokka skeleton (D:6)
  A quokka zombie (D:5)
  10 rats
186 creatures vanquished.

Notes
Turn   | Place    | Note
-------+----------+-------------------------------------------
     0 | D:1      | wazuzu the Gnoll Arcane Marksman began the quest for the Orb.
     0 | D:1      | Reached XP level 1. HP: 17/17 MP: 4/4
   283 | D:1      | Reached XP level 2. HP: 23/23 MP: 5/5
   480 | D:1      | Reached XP level 3. HP: 28/28 MP: 7/7
   674 | D:2      | Reached skill level 1 in Invocations
   735 | D:2      | Reached skill level 1 in Short Blades
   735 | D:2      | Reached skill level 1 in Long Blades
   735 | D:2      | Reached skill level 1 in Axes
   735 | D:2      | Reached skill level 1 in Maces & Flails
   735 | D:2      | Reached skill level 1 in Polearms
   735 | D:2      | Reached skill level 1 in Staves
   735 | D:2      | Reached skill level 1 in Bows
   735 | D:2      | Reached skill level 1 in Crossbows
   735 | D:2      | Reached skill level 1 in Throwing
   735 | D:2      | Reached skill level 1 in Armour
   735 | D:2      | Reached skill level 1 in Stealth
   735 | D:2      | Reached skill level 1 in Shields
   735 | D:2      | Reached skill level 1 in Unarmed Combat
   735 | D:2      | Reached skill level 1 in Evocations
   986 | D:2      | Found a runed door.
  1062 | D:2      | Noticed Robin
  1076 | D:2      | Reached XP level 4. HP: 29/34 MP: 8/8
  1423 | D:2      | Reached skill level 1 in Conjurations
  1423 | D:2      | Reached skill level 1 in Charms
  1423 | D:2      | Reached skill level 1 in Summonings
  1423 | D:2      | Reached skill level 1 in Necromancy
  1423 | D:2      | Reached skill level 1 in Translocations
  1423 | D:2      | Reached skill level 1 in Transmutations
  1423 | D:2      | Reached skill level 1 in Fire Magic
  1423 | D:2      | Reached skill level 1 in Ice Magic
  1423 | D:2      | Reached skill level 1 in Air Magic
  1423 | D:2      | Reached skill level 1 in Earth Magic
  1423 | D:2      | Reached skill level 1 in Poison Magic
  1491 | D:2      | Reached XP level 5. HP: 39/40 MP: 9/9
  1600 | D:2      | Killed Robin
  1800 | D:2      | Noticed Jessica
  1804 | D:2      | Killed Jessica
  1922 | D:2      | Found a deep blue altar of Sif Muna.
  2050 | D:2      | Noticed Crazy Yiuf
  2056 | D:2      | Killed Crazy Yiuf
  2810 | D:4      | Reached XP level 6. HP: 47/47 MP: 10/10
  2929 | D:4      | Found a runed gate.
  2929 | D:4      | Found a runed gate.
  2929 | D:4      | Found a runed gate.
  2945 | D:4      | Noticed sking99's ghost (novice OpTm)
  2975 | D:4      | Killed sking99's ghost
  2975 | D:4      | Reached skill level 5 in Slings
  2975 | D:4      | Reached skill level 5 in Dodging
  2975 | D:4      | Reached XP level 7. HP: 25/52 MP: 10/12
  3180 | D:4      | Found a glowing silver altar of Zin.
  3309 | D:5      | Entered Level 5 of the Dungeon
  3889 | D:4      | Reached XP level 8. HP: 44/60 MP: 12/14
  4263 | D:5      | Found a glowing golden altar of the Shining One.
  4919 | D:6      | Noticed Edmund
  4946 | D:6      | Killed Edmund
  4946 | D:6      | Reached XP level 9. HP: 24/66 MP: 14/16
  5387 | D:6      | Found a staircase to the Ecumenical Temple.
  5400 | Temple   | Entered the Ecumenical Temple
  5450 | Temple   | Became a worshipper of Dithmenos the Shadowed
  6121 | D:6      | Reached skill level 5 in Spellcasting
  6388 | D:7      | Reached skill level 5 in Fighting
  6903 | D:7      | Reached * piety under Dithmenos
  7155 | D:7      | Reached skill level 5 in Invocations
  7240 | D:8      | Noticed a two-headed ogre
  7256 | D:8      | Killed a two-headed ogre
  7256 | D:8      | Reached XP level 10. HP: 25/75 MP: 18/18
  7527 | D:8      | Reached skill level 5 in Short Blades
  7527 | D:8      | Reached skill level 5 in Long Blades
  7527 | D:8      | Reached skill level 5 in Axes
  7527 | D:8      | Reached skill level 5 in Maces & Flails
  7527 | D:8      | Reached skill level 5 in Polearms
  7527 | D:8      | Reached skill level 5 in Staves
  7527 | D:8      | Reached skill level 5 in Bows
  7527 | D:8      | Reached skill level 5 in Crossbows
  7527 | D:8      | Reached skill level 5 in Throwing
  7527 | D:8      | Reached skill level 5 in Armour
  7527 | D:8      | Reached skill level 5 in Stealth
  7527 | D:8      | Reached skill level 5 in Shields
  7527 | D:8      | Reached skill level 5 in Unarmed Combat
  7527 | D:8      | Reached skill level 5 in Evocations
  7602 | D:8      | Noticed a two-headed ogre
  7623 | D:8      | Slain by a two-headed ogre

Vault maps used:
D:1:      dpeg_arrival_round_a
D:2:      minmay_door_square, lemuel_blue_sif_altar, uniq_robin, uniq_jessica,
          uniq_crazy_yiuf_cottage
D:3:      first_ration
D:4:      kennysheep_little_box, ebering_ghost_rock_garden, moated_statue
D:5:      nicolae_tso_swordbearing_angel
D:6:      temple_green, uniq_edmund
Temple:   nicolae_temple_the_god_donut

Skill      XL: |  1  2  3  4  5  6  7  8  9 10 |
---------------+-------------------------------+-----
Invocations    | 1 2 3 4 5 |  5.4
Short Blades   | 1 2 3 4 5 |  5.0
Long Blades    | 1 2 3 4 5 |  5.0
Axes           | 1 2 3 4 5 |  5.0
Maces & Flails | 1 2 3 4 5 |  5.0
Polearms       | 1 2 3 4 5 |  5.0
Staves         | 1 2 3 4 5 |  5.0
Bows           | 1 2 3 4 5 |  5.0
Crossbows      | 1 2 3 4 5 |  5.0
Throwing       | 1 2 3 4 5 |  5.0
Armour         | 1 2 3 4 5 |  5.0
Stealth        | 1 2 3 4 5 |  5.0
Shields        | 1 2 3 4 5 |  5.0
Unarmed Combat | 1 2 3 4 5 |  5.0
Evocations     | 1 2 3 4 5 |  5.0
Spellcasting   | 3 4 5 |  5.8
Conjurations   | 1 2 3 4 |  4.1
Charms         | 1 2 3 4 |  4.1
Summonings     | 1 2 3 4 |  4.1
Necromancy     | 1 2 3 4 |  4.1
Translocations | 1 2 3 4 |  4.1
Transmutations | 1 2 3 4 |  4.1
Fire Magic     | 1 2 3 4 |  4.1
Ice Magic      | 1 2 3 4 |  4.1
Air Magic      | 1 2 3 4 |  4.1
Earth Magic    | 1 2 3 4 |  4.1
Poison Magic   | 1 2 3 4 |  4.1
Fighting       | 3 4 5 |  5.6
Slings         | 5 6 |  6.8
Dodging        | 5 6 |  6.8
Hexes          | 6 |  6.9

Action                   |  1- 3 |  4- 6 |  7- 9 | 10-12 || total
-------------------------+-------+-------+-------+-------++-------
Melee: Dagger            |    21 |       |       |       ||    21
       Bite              |     1 |     7 |    44 |     3 ||    55
       Mace              |     7 |    76 |   302 |    20 ||   405
       Unarmed           |       |    18 |       |       ||    18
       Punch             |       |       |     5 |       ||     5
 Fire: Hunting sling     |    79 |   101 |   214 |    81 ||   475
  Use: Scroll            |     5 |     1 |    10 |       ||    16
       Potion            |       |     1 |       |       ||     1
 Stab: Sleeping          |       |       |     2 |       ||     2
  Eat: Ration            |       |     1 |     1 |       ||     2
       Chunk             |       |     3 |    10 |     2 ||    15
Armor: Chain mail        |    10 |       |   178 |    38 ||   226
       Ring mail         |    17 |    62 |   124 |       ||   203
Dodge: Dodged            |    34 |    86 |   418 |    29 ||   567

Table legend:
 A = Spawn XP
 B = Non-spawn XP
 C = Spawn XP percentage of total XP
 D = Spawn monster count
 E = Non-spawn monster count
 F = Spawn count percentage of total count
 G = Total turns spent on level
                    A         B        C        D         E        F      G
               +---------+---------+-------+---------+---------+-------+---------
         Total |       0 |    5658 |   0.0 |       0 |     186 |   0.0 |  7623
               +---------+---------+-------+---------+---------+-------+---------
           D:1 |       0 |      56 |   0.0 |       0 |      21 |   0.0 |   662
           D:2 |       0 |     222 |   0.0 |       0 |      38 |   0.0 |  1475
           D:3 |       0 |      27 |   0.0 |       0 |      10 |   0.0 |   702
           D:4 |       0 |     919 |   0.0 |       0 |      25 |   0.0 |  1041
           D:5 |       0 |     574 |   0.0 |       0 |      26 |   0.0 |   560
           D:6 |       0 |    1364 |   0.0 |       0 |      30 |   0.0 |  1818
           D:7 |       0 |    1096 |   0.0 |       0 |      23 |   0.0 |   919
           D:8 |       0 |    1400 |   0.0 |       0 |      13 |   0.0 |   383
               +---------+---------+-------+---------+---------+-------+---------
